 Dungeon Crawl Stone Soup version 0.31.0-12-g77e489cdc1 (webtiles) character file.

Game seed: 10153302025101384945

74 Gadfly the Insei (level 4, 35/35 HPs)
             Began as a Demonspawn Monk on Mar 2, 2024.
             Quit the game on level 2 of the Dungeon.
             The game lasted 00:02:15 (1380 turns).

Gadfly the Insei (Demonspawn Monk)                  Turns: 1380, Time: 00:02:15

Health: 35/35      AC:  4    Str: 13    XL:     4   Next: 10%
Magic:  5/5        EV: 13    Int: 10    God:
Gold:   60         SH:  0    Dex: 16    Spells: 3/3 levels left

rFire   . .          .
                       - Unarmed
rCold   . . .        c - orb {light}
rNeg    . . .        g - +0 robe
rPois   .            (no helmet)
rElec   .            (no cloak)
rCorr   .            e - +1 pair of gloves
SInv    .            (no boots)
Will    .....        d - amulet of faith
Stlth   +            (no ring)
HPRegen 0.25/turn    (no ring)
MPRegen 0.09/turn

%: faith
@: glowing
A: ignite blood 1, demonic magic 1
a: no special abilities


You were on level 2 of the Dungeon.
You visited 1 branch of the dungeon, and saw 2 of its levels.

You collected 60 gold pieces.

Inventory:

Armour
 c - an orb of light (worn)
 e - a +1 pair of gloves (worn)
 g - a +0 robe (worn)
Jewellery
 d - an amulet of faith (around neck)
Talismans
 j - a maw talisman
Potions
 b - a potion of ambrosia
 f - a potion of mutation {unknown}
 h - a potion of haste {unknown}


   Skills:
 - Level 3.0 Fighting
 + Level 3.0 Dodging
 * Level 3.3 Unarmed Combat
 * Level 2.5 Invocations
 * Level 1.7 Evocations


You had 3 spell levels left.
You didn't know any spells.
Your spell library contained the following spells:

 Spells                   Type           Power      Damage    Failure   Level
 Gell's Gravitas          Tloc           0%         N/A       75%         3
 Teleport Other           Tloc           0%         N/A       75%         3
 Dispersal                Tloc           0%         N/A       100%        6


Dungeon Overview and Level Annotations

Branches:
Dungeon (2/15)

Altars:

Annotations:
D:2 1 runed translucent door, Crazy Yiuf


Innate Abilities, Weirdness & Mutations

Your demonic aura sometimes causes spilled blood to erupt in flames.
Spells you cast may paralyse adjacent enemies.


Message History

The quokka bites you. Natasha claws you.
There are monsters nearby!
There are monsters nearby!
There are monsters nearby!
You hit Natasha.
Natasha is almost dead.
The quokka barely misses you. Natasha misses you.
You hit Natasha.
You kill Natasha!
Natasha yowls pathetically as she dies!
The quokka misses you.
Your Dodging skill increases to level 3!
You have reached level 4!
You feel agile.
Your demonic ancestry asserts itself...
A menacing aura infuses your magic.
You hit the quokka.
The quokka is heavily wounded.
The quokka bites you. The quokka closely misses you.
You closely miss the quokka.
The quokka is heavily wounded.
The quokka bites you but does no damage.
You hit the quokka.
You kill the quokka!
No target in view!
No target in view!
No target in view!
No target in view!
No target in view!
No target in view!
No target in view!
No target in view!
No target in view!
No target in view!
HP restored.
There is a stone staircase leading down here.
A ball python and a kobold come into view.
The kobold shouts!
You hear a shout!
There are monsters nearby!
There are monsters nearby!
Are you sure you want to abandon this character and quit the game? (Confirm with "yes".)

##.## #.##.##.# ....#
#.##....# ##..#
#.##.#.[#
##..###.##.#..#
##....†.....).#####.##
###.###.##...>.......#
###.###.######.####..#.#
.......................S
................@.....#
##<.##########.##.#.?...
#..# #.# .# .... ##..#
#.# .# .. ..<.# #.# K#
##.## #.# .# ##.# .. .#
^..# .. ####


You could see a ball python (asleep) and a kobold.

Vanquished Creatures
  Natasha (D:2)
  A dart slug (D:1)
  5 bats (D:1)
  2 endoplasms (D:1)
  2 giant cockroaches (D:1)
  3 goblins
  A hobgoblin (D:1)
  7 jackals (D:1)
  8 kobolds
  4 quokkas
  6 ball pythons
  2 frilled lizards (D:1)
  A rat (D:1)
43 creatures vanquished.

Notes
Turn   | Place    | Note
-------+----------+-------------------------------------------
     0 | D:1      | Gadfly the Demonspawn Monk began the quest for the Orb.
     0 | D:1      | Reached XP level 1. HP: 18/18 MP: 1/1
   232 | D:1      | Reached skill level 1 in Invocations
   232 | D:1      | Gained mutation: Your demonic aura sometimes causes spilled
                  | blood to erupt in flames. [demonic ancestry]
   232 | D:1      | Reached XP level 2. HP: 23/24 MP: 2/2
   516 | D:1      | Reached skill level 1 in Evocations
   686 | D:1      | Reached XP level 3. HP: 29/29 MP: 4/4
  1151 | D:1      | Found a faded altar of an unknown god.
  1259 | D:2      | Found a runed translucent door.
  1260 | D:2      | Noticed Crazy Yiuf
  1311 | D:2      | Noticed Natasha
  1319 | D:2      | Killed Natasha
  1320 | D:2      | Gained mutation: Spells you cast may paralyse adjacent
                  | enemies. [demonic ancestry]
  1320 | D:2      | Reached XP level 4. HP: 24/35 MP: 5/5
  1380 | D:2      | Quit the game

Illustrated notes

Levels and vault maps discovered:
D:1:      dpeg_arrival_houses_and_road, layout_basic,
          shapermc_ecumenical_altar_hornbeckon, minmay_split_cup_small
D:2:      layout_loops_ring, st_stairs_6, uniq_natasha, uniq_crazy_yiuf_cottage

Skill      XL: |  1  2  3 |
---------------+----------+-----
Invocations    | 1 2 |  2.5
Evocations     | 1 |  1.7
Unarmed Combat | 3 |  3.3
Dodging        | 3 |  3.0
Fighting       | |  3.0

Action                     |  1- 3 |  4- 6 || total
---------------------------+-------+-------++-------
  Melee: Unarmed           |   113 |     3 ||   116
    Use: Scroll            |     4 |       ||     4
 Armour: Robe              |    66 |     2 ||    68
  Dodge: Dodged            |    85 |     1 ||    86
